puck, lawful female human Valkyrie ----------- |.........| |........).# .......<..|# -----------# # # # # # #------- #|D%$$$| #%%%$$$| |%$$$$| |.w~~$| |.~~~$| ------- puck the Fighter Experience level: 9 Strength: 14 Dexterity: 13 Constitution: 17 Intelligence: 9 Wisdom: 7 Charisma: 9 Health: 0(64) Energy: 12(12) Def: 9 Gold: 684 Moves: 11739 Dungeon seed: HN0uTw3csKSvbXZ7 Game ID: puck_1559517615 Your Inventory: Coins $ - 684 gold pieces Weapons a - the blessed rustproof +1 Excalibur (weapon in hand) e - an uncursed +0 elven dagger N - an uncursed +0 elven dagger named poking iron (wielded in other hand) S - an uncursed +0 orcish dagger (in quiver) Armor n - an uncursed +0 orcish helm of hunger and warning named of warning (being worn) q - an uncursed +0 cloak of invisibility (being worn) r - an uncursed +0 elven leather helm y - an uncursed +0 pair of iron shoes (being worn) z - an uncursed +1 elven cloak Y - an uncursed +0 elven mithril-coat (being worn) Comestibles t - an uncursed food ration Potions d - an uncursed potion of confusion X - a cursed potion of full healing Scrolls C - an uncursed scroll of earth M - an uncursed scroll of identify O - an uncursed scroll of teleportation Amulets f - an uncursed amulet of reflection (being worn) Wands u - an uncursed wand of digging (0:6) E - an uncursed wand of speed monster (0:4) G - an uncursed wand of magic missile (0:1) J - an uncursed wand of lightning (0:3) Q - an uncursed wand of sleep (0:6) R - an uncursed wand of cancellation (0:6) Z - an uncursed wand of make invisible (0:4) Tools w - an uncursed towel A - 7 uncursed tallow candles (0:200) L - an uncursed magic marker (0:92) U - a cursed skeleton key V - an uncursed oil lamp (0:1011) Gems D - an uncursed luckstone Spells and supernatural/magical abilities: Name Level Category Cost Memory W - pray for help -- divine ? -- Your skills at the end: Fighting Skills two weapon combat [Basic] wands [Basic] Weapon Skills dagger [Skilled] long sword [Expert] Spellcasting Skills Final Attributes: You were piously aligned. You were immune to cold. You were sleep resistant. You were poison resistant. You were level-drain resistant. You were cancelled. You had fast metabolism. You were warned. You were invisible. You were stealthy. You were fast. You had reflection. You were wielding two weapons at once. You were lucky. You had extra luck. Bad luck did not time out for you. Good luck did not time out for you. You last prayed 3405 turns ago. Tyr was noncommittal. You are dead. Vanquished creatures: a vampire lord a ghost a giant mimic a large mimic a pyrolisk a large dog 2 flaming spheres a shocking sphere a large cat an ochre jelly a human mummy an ettin zombie 2 chameleons 4 giant beetles 2 quivering blobs a cockatrice a lynx a spotted jelly 6 leprechauns a mumak 4 giant spiders 2 scorpions a vampire bat a forest centaur a gnome king 2 orc mummies a brown pudding a rust monster 3 owlbears a yeti 2 Green-elves a lizard a dingo a jaguar a dwarf lord 2 blue jellies 2 dust vortices a raven 3 gnome mummies 2 snakes an ape a rope golem 8 Woodland-elves a fire ant a bugbear 2 wood nymphs a water nymph 4 mountain nymphs 3 Mordor orcs 10 Uruk-hai an orc shaman 2 rock piercers 2 rock moles 4 ponies a yellow light a violet fungus 11 gnome lords 4 gnomish wizards a black naga hatchling a golden naga hatchling 2 gray oozes a ghoul a baby crocodile 4 giant ants 6 little dogs 4 floating eyes 2 kittens 4 dwarves a kobold shaman 16 hill orcs 2 rothes a rabid rat 3 giant bats 4 monkeys 8 orc zombies 2 dwarf zombies a wererat 2 iguanas 3 acid blobs 3 coyotes a gas spore a hobbit a manes 2 large kobolds 2 hobgoblins 2 giant rats 10 cave spiders a brown mold 2 yellow molds 47 gnomes a garter snake 3 gnome zombies 7 geckos 5 jackals 4 foxes 3 kobolds 3 goblins 6 sewer rats 9 grid bugs 4 bats 2 lichens 4 kobold zombies 8 newts 322 creatures vanquished. Voluntary challenges: You had been an atheist until turn 6931. You used a wielded weapon 397 times, starting on turn 23. You read items or engraved 9 times, starting on turn 1517. You never genocided any monsters. You never polymorphed an object. You changed form 1 time, starting on turn 7723. You used no wishes. You never split a pudding. You never wrote Elbereth's name. You violated your moral code, losing 52 points of alignment, starting on turn 6607. Dungeon overview: The Dungeons of Doom: levels 1 to 11 Level 1 a long staircase Level 2 a fountain Level 3 stairs to The Gnomish Mines Level 4 a vault Level 5 Level 6 Level 7 many fountains Level 8 a potion shop, a vault stairs to Sokoban Level 9 a general store, some sinks Level 10 a temple to Odin, a vault Level 11 <- You were here The Gnomish Mines: levels 4 to 11 Level 4 stairs to The Dungeons of Doom Level 5 Level 6 Level 7 many shops, a temple to Loki, some fountains Level 8 Level 9 Level 10 Level 11 Sokoban: levels 4 to 7 Level 4 Solved Level 5 Solved Level 6 Solved Level 7 Solved stairs to The Dungeons of Doom History has recorded: On T:1 you entered the Dungeons of Doom to retrieve the Amulet of Yendor! On T:21 you reached level 2 of The Dungeons of Doom. On T:387 you reached level 3 of The Dungeons of Doom. On T:597 you advanced to experience level 2. On T:723 you reached level 1 of The Gnomish Mines. On T:739 you advanced to experience level 3. On T:772 you advanced to experience level 4. On T:830 you advanced to experience level 5. On T:1077 you reached level 4 of The Dungeons of Doom. On T:1299 you reached level 5 of The Dungeons of Doom. On T:1338 you reached level 6 of The Dungeons of Doom. On T:1370 you reached level 7 of The Dungeons of Doom. On T:1406 you reached level 8 of The Dungeons of Doom. On T:1661 you reached level 4 of Sokoban. On T:2050 you reached level 3 of Sokoban. On T:2189 you advanced to experience level 6. On T:2782 you reached level 2 of Sokoban. On T:3342 you reached level 1 of Sokoban. On T:4524 you advanced to experience level 7. On T:6461 you reached level 2 of The Gnomish Mines. On T:6651 you reached level 3 of The Gnomish Mines. On T:6692 you reached level 4 of The Gnomish Mines. On T:6703 you reached level 5 of The Gnomish Mines. On T:6942 you advanced to experience level 8. On T:7556 you reached level 6 of The Gnomish Mines. On T:8446 you reached level 7 of The Gnomish Mines. On T:8897 you reached level 8 of The Gnomish Mines. On T:10948 you reached level 9 of The Dungeons of Doom. On T:11252 you reached level 10 of The Dungeons of Doom. On T:11422 you advanced to experience level 9. On T:11679 you reached level 11 of The Dungeons of Doom. Score breakdown: Gold: 684 ( 9646 points) Experience: 9 levels (15756 points) Exploration: 11 levels ( 23.40%) (13987 points) Discoveries: 14 items ( 5.60%) ( 7099 points) Valuables value: (no points given unless you survive) Artifact value: 4000 (12253 points) Variety of kills: 103 monsters ( 27.11%) (15618 points) Turncount: 11739 turns (-2615 points) Survival: died (score multiplied by 80%) Total score: 57395 Latest messages: You see here a male pyrolisk corpse. The monkey misses the gray dragon. (2x) The giant beetle misses the gray dragon. You kill the monkey! You miss the giant beetle. The gray dragon breathes fragments! The blast of missiles hits the giant beetle! The powerful blast of missiles explodes! The giant beetle is caught in the magical blast! (2x) It is caught in the magical blast! The long worm is caught in the magical blast! You are caught in the magical blast! The giant beetle is caught in the magical blast! (2x) The giant beetle is killed! It is caught in the magical blast! The long worm is caught in the magical blast! You are caught in the magical blast! The giant beetle is caught in the magical blast! The giant beetle is killed! The long worm is caught in the magical blast! The long worm resists the magical blast! You are caught in the magical blast! Final status: Farvel puck the Valkyrie, killed by a gray dragon's magical blast... You died in The Dungeons of Doom on dungeon level 11 with 57395 points, and 684 pieces of gold, after 11739 moves. You were level 9 with a maximum of 64 hit points when you died.